 Dungeon Crawl Stone Soup version 0.23-a0-164-g7711e57 (webtiles) character file.

112 grindst0ne the Sneak (level 4, -4/31 HPs)
             Began as an Octopode Assassin on Sept 10, 2018.
             Slain by a gnoll
             ... wielding a +0 spear
              (10 damage)
             ... on level 2 of the Dungeon.
             The game lasted 00:03:32 (1389 turns).

grindst0ne the Sneak (Octopode Assassin)            Turns: 1389, Time: 00:03:33

Health: -4/31      AC:  1    Str: 10    XL:     4   Next: 95%
Magic:  4/4        EV: 14    Int: 13    God:
Gold:   136        SH:  0    Dex: 14    Spells: 3/3 levels left

rFire    . . .     SeeInvis .   a - +2 dagger
rCold    . . .     Gourm    .   (no shield)
rNeg     . . .     Faith    .   (helmet restricted)
rPois    .         Spirit   .   (no amulet)
rElec    .         Reflect  .   h - ring of teleportation (curse)
rCorr    .         Harm     .   (no ring)
MR       .....     Rnd*Tele +   (no ring)
Stlth    ++++......             (no ring)
HPRegen  0.10/turn              (no ring)
MPRegen  0.09/turn              (no ring)
                                (no ring)
                                (no ring)

@: no status effects
A: almost no armour, stealthy swim, amphibious, 8 rings, constrict 8, camouflage
1, gelatinous body 1
a: no special abilities


You were on level 2 of the Dungeon.
You were hungry.

You visited 1 branch of the dungeon, and saw 2 of its levels.

You collected 136 gold pieces.

Inventory:

Hand Weapons
 a - a +2 dagger (weapon)
 b - a +0 blowgun
Missiles
 c - 16 poisoned needles
 d - 2 curare-tipped needles
 o - 2 needles of sleeping
Jewellery
 h - a cursed ring of teleportation (left tentacle)
Scrolls
 j - 2 scrolls of teleportation {unknown}
 l - 3 scrolls of remove curse {unknown}
 m - a scroll of fog {unknown}
 p - 2 scrolls of identify {unknown}
Potions
 e - a potion of lignification
 i - 2 potions of curing
 k - a potion of might {unknown}
 n - a potion of heal wounds {unknown}
 q - a potion of agility {unknown}
Comestibles
 f - 6 rations
 g - 2 chunks of flesh


   Skills:
 + Level 3.2 Fighting
 - Level 2.0 Short Blades
 - Level 2.0 Throwing
 + Level 2.6 Dodging
 + Level 6.5 Stealth


You had 3 spell levels left.
You didn't know any spells.
Your spell library was empty.

Dungeon Overview and Level Annotations

Branches:
Dungeon (2/15)

Altars:


Innate Abilities, Weirdness & Mutations

You cannot wear most types of armour.
You are very stealthy in the water. (Stealth+)
You are amphibious.
You can wear up to eight rings at the same time.
You can use your tentacles to constrict eight enemies at once.
Your skin changes colour to match your surroundings (Stealth+).
Your rubbery body absorbs attacks. (AC +1, EV +1)


Message History

The gnoll hits you but does no damage. The gnoll hits you but does no damage.
You are feeling hungry.
The gnoll hits you but does no damage. The gnoll hits you but does no damage.
You feel less wooden. The gnoll barely misses you. The gnoll barely misses you.
The gnoll hits you with a spear!
You barely miss the gnoll. You grab the gnoll. You constrict the gnoll.
The gnoll hits you but does no damage. The gnoll closely misses you.
You hit the gnoll.
The gnoll is lightly wounded.
You constrict the gnoll. The gnoll closely misses you. The gnoll misses you.
You hit the gnoll but do no damage.
The gnoll is moderately wounded.
You constrict the gnoll. The gnoll hits you with a spear.
* * * LOW HITPOINT WARNING * * *
You release your grip on the gnoll.
The gnoll hits you from afar with a spear!
You die...

..........#..# #.#
..........#..# #.#
..........#..# #.#
..........#..######## #.#
##........#.......... #.#
#....)...##.######## #.#
#...........# #.#
#############################.#
........)....gg.@.............#
###############################


You could see 2 gnolls.

Vanquished Creatures
  Jessica (D:2)
  2 gnolls (D:2)
  An adder (D:2)
  2 dart slugs
  2 leopard geckos (D:1)
  5 bats (D:1)
  4 giant cockroaches
  6 hobgoblins (D:1)
  11 jackals (D:1)
  2 frilled lizards (D:1)
  4 goblins
  5 kobolds (D:1)
  5 rats
50 creatures vanquished.

Notes
Turn   | Place    | Note
-------+----------+-------------------------------------------
     0 | D:1      | grindst0ne the Octopode Assassin began the quest for the
                  | Orb.
     0 | D:1      | Reached XP level 1. HP: 14/14 MP: 1/1
    54 | D:1      | Reached XP level 2. HP: 16/19 MP: 2/2
   305 | D:1      | Reached XP level 3. HP: 20/25 MP: 3/3
   524 | D:1      | Reached skill level 6 in Stealth
   912 | D:2      | Reached XP level 4. HP: 30/30 MP: 4/4
  1302 | D:2      | Noticed Jessica
  1347 | D:2      | Killed Jessica
  1389 | D:2      | Slain by a gnoll

Vault maps used:
D:1:      roderic_crossed_star, serial_bayou_pond_a, minmay_pentomino_w4
D:2:      first_ration, uniq_jessica

Skill      XL: |  1  2  3  4 |
---------------+-------------+-----
Dodging        | 2 |  2.6
Stealth        | 6 |  6.5
Fighting       | 3 |  3.2
Short Blades   | |  2.0
Throwing       | |  2.0

Action                   |  1- 3 |  4- 6 || total
-------------------------+-------+-------++-------
Melee: Dagger            |    80 |    18 ||    98
       Constrict         |    19 |     6 ||    25
       Tentacles         |    10 |     4 ||    14
 Fire: Blowgun           |     1 |       ||     1
  Use: Potion            |       |     2 ||     2
 Stab: Sleeping          |    15 |     2 ||    17
  Eat: Chunk             |       |     1 ||     1
Armor: Skin              |    11 |    22 ||    33
Dodge: Dodged            |    39 |    19 ||    58

Table legend:
 A = Non-vault XP
 B = Vault XP
 C = Vault XP percentage of total XP
 D = Non-vault monster count
 E = Vault monster count
 F = Vault count percentage of total count
                 A         B        C        D         E       F
            +---------+---------+-------+---------+---------+-------
      Total |     111 |      50 |  31.1 |      42 |       8 |  16.0
            +---------+---------+-------+---------+---------+-------
        D:1 |      61 |      13 |  17.6 |      35 |       7 |  16.7
        D:2 |      50 |      37 |  42.5 |       7 |       1 |  12.5
            +---------+---------+-------+---------+---------+-------
